[Event "*** Titled Tuesday Blitz"]
[Site "Chess.com"]
[Date "2018.09.04"]
[Round "2"]
[White "Arash_Tahbaz"]
[Black "TrimitziosP7"]
[Result "1-0"]
[WhiteElo "2726"]
[BlackElo "2651"]
[TimeControl "180+2"]
[EndTime "13:56:25 PDT"]
[Termination "Arash_Tahbaz won by resignation"]

1. d4 d5 2. Nf3 Nf6 3. Bf4 c5 4. e3 Nc6 5. c3 Qb6 6. Qc2 Bg4 7. Nbd2 e6 8. Be2 Be7 9. h3 Bh5 10. O-O O-O 11. Qb3 c4 12. Qc2 Bg6 13. Qc1 Qd8 14.
Ne5 Nxe5 15. Bxe5 Bd6 16. Nf3 Qc7 17. Bxd6 Qxd6 18. Ne5 Nd7 19. Nxg6 hxg6 20. e4 f5 21.
e5 Qe7 22. b3 b5 23. a4 a6 24. Rb1 Rfb8 25. Qd2 Nb6 26. a5 Nd7 27. b4 Kf7 28. f4 Rh8 29. Rf3 Rh6 30. Kf2 Rah8 31. Rg1 Ke8 32.
Ke1 Nf8 33. Kd1 Nh7 34. Kc2 g5 35. g4 g6 36. gxf5 gxf5 37. fxg5 Rg8 38. Rfg3 Rh4 39.
g6 Nf8 40. g7 Nd7 41. Bf3 Nb8 42.
Rg6 Rxh3 43. Qg2 Rh7 44. Bxd5 exd5 45. Qxd5 Rgxg7 46. Rxg7 Rxg7 47. Rh1 Nd7 48. Qc6 Rh7 49. Qc8+ 1-0

[Event "*** Titled Tuesday Blitz"]
[Site "Chess.com"]
[Date "2018.09.04"]
[Round "2"]
[White "oskariot"]
[Black "AkibaRubi"]
[Result "1-0"]
[WhiteElo "2471"]
[BlackElo "2486"]
[TimeControl "180+2"]
[EndTime "13:56:25 PDT"]
[Termination "oskariot won by resignation"]

1. c4 e5 2. g3 Nc6 3. Bg2 g6 4.
Nc3 Bg7 5. e3 Nf6 6. Nge2 O-O 7.
O-O d6 8. d3 Be6 9. Rb1 d5 10.
cxd5 Nxd5 11. a3 f5 12. Qc2 Kh8 13. b4 Nce7 14. Rd1 c6 15. Na4 b6 16. Nac3 Rc8 17. Bd2 c5 18. bxc5 Rxc5 19. d4 exd4 20. Nxd4 Bg8 21.
Qd3 Qc8 22. Nxd5 Bxd5 23. Bb4 Bxg2 24. Kxg2 Qb7+ 25. Kg1 Rd5 26. Bc3 Nc6 27. Qc4 Nxd4 28. Bxd4 Bxd4 29. Rxd4 Rfd8 30. Rxd5 Qxd5 31. Qc3+ Kg8 32.
Rc1 Rd7 33. h4 Qd2 34. Qc4+ Kg7 35. h5 Kh6 36. Qf4+ g5 37. Rc6+ Kg7 38. Qxg5+ Kf7 39. Qf6+ Ke8 40. Re6+ 1-0

[Event "*** Titled Tuesday Blitz"]
[Site "Chess.com"]
[Date "2018.09.04"]
[Round "2"]
[White "colemman"]
[Black "Kimster98"]
[Result "1-0"]
[WhiteElo "2470"]
[BlackElo "2492"]
[TimeControl "180+2"]
[EndTime "13:56:26 PDT"]
[Termination "colemman won by resignation"]

1. d4 d6 2. Nf3 Bg4 3. Nbd2 Nf6 4. c3 e6 5. h3 Bxf3 6. Nxf3 c6 7. Qc2 d5 8. Bg5 Nbd7 9. e3 Bd6 10. Bd3 h6 11. Bf4 Qc7 12. Bxd6 Qxd6 13. O-O O-O 14. c4 Rac8 15. Rfd1 Rfd8 16. Rac1 Qb8 17. b4 b5 18. cxb5 cxb5 19. Qe2 a6 20. Nd2 Nb6 21. Nb3 Nfd7 22. Nc5 Qa8 23. Rc2 Nc4 24. Rdc1 a5 25.
Nxd7 Rxd7 26. bxa5 Qxa5 27. e4 Qb6 28. exd5 exd5 29.
Bf5 Rdd8 30. Bxc8 Rxc8 31. Qf3 Qxd4 32. Rd1 Qe4 33. Qxe4 dxe4 34. Rd4 e3 35. fxe3 Re8 36. e4 Ra8 37. Kf2 Ra3 38. Rd5 Ra5 39. Ke2 g6 40. Kd3 Ra3+ 41. Kd4 Ra4 42. Kc5 Ne3 43. Rd8+ Kg7 44. Re2 Rxe4 45. Rd3 Rc4+ 46. Kxb5 1-0

[Event "*** Titled Tuesday Blitz"]
[Site "Chess.com"]
[Date "2018.09.04"]
[Round "2"]
[White "ShadyH9"]
[Black "patrisiii123"]
[Result "0-1"]
[WhiteElo "2175"]
[BlackElo "2317"]
[TimeControl "180+2"]
[EndTime "13:56:28 PDT"]
[Termination "patrisiii123 won by resignation"]

1. d4 d5 2. c4 e6 3. Nf3 c6 4. Qc2 Nf6 5. g3 Be7 6. Bg2 O-O 7. O-O Nbd7 8. Rd1 dxc4 9. a4 Qa5 10. Na3 b5 11. Bd2 Qb6 12. b3 Bxa3 13. Rxa3 b4 14. a5 Qb7 15. Ra4 c3 16. Bf4 Qb5 17. Bd6 Re8 18.
Bxb4 Nd5 19. Bxc3 Nxc3 20. Qxc3 Qxe2 21. Rc1 Bb7 22. Ne5 Nxe5 23. dxe5 Red8 24. Rd4 Rdc8 25. Rd6 h6 26. Re1 Qb5 27. h4 c5 28. Bxb7 Qxb7 29.
Re3 Rab8 30. Qd2 Qb5 31. Kh2 c4 32. bxc4 Qxc4 33. Red3 Rb5 34. Rd8+ Rxd8 35. Rxd8+ Kh7 36. Rd7 Rd5 37. Rxd5 exd5 38. Qe3 d4 39. Qe4+ g6 40.
Qb7 d3 41. Qd7 Qa2 42. Kh3 Qe6+ 43. Qxe6 fxe6 0-1

[Event "*** Titled Tuesday Blitz"]
[Site "Chess.com"]
[Date "2018.09.04"]
[Round "2"]
[White "maciek_92"]
[Black "eljanov"]
[Result "1-0"]
[WhiteElo "2664"]
[BlackElo "2736"]
[TimeControl "180+2"]
[EndTime "13:56:29 PDT"]
[Termination "maciek_92 won by resignation"]

1. c4 Nf6 2. Nc3 e5 3. g3 Bb4 4. Bg2 O-O 5. e4 d6 6. Nge2 Nc6 7. O-O Bc5 8. h3 a5 9. d3 Nd4 10. Kh2 c6 11. f4 Re8 12. f5 b5 13.
g4 bxc4 14. dxc4 Ba6 15. b3 d5 16. g5 Nxe4 17. Bxe4 Nxe2 18. Qxe2 Bd4 19. Bb2 dxe4 20. Rad1 c5 21. Nxe4 Qc7 22. Bc1 Bb7 23. g6 fxg6 24. fxg6 hxg6 25. Ng5 Rf8 26. Ne6 Rxf1 27. Nxc7 Bg1+ 28.
Kg3 Bf2+ 29. Qxf2 Rxf2 30. Kxf2 Rf8+ 31. Kg1 Rf3 32. Nd5 Rxh3 33. Kg2 Rc3 34. Bg5 a4 35. Kf2 Rc2+ 36. Rd2 axb3 37. axb3 Rc1 38. Ne7+ Kf7 39.
Rd7 Bh1 40. Bxc1 1-0

[Event "*** Titled Tuesday Blitz"]
[Site "Chess.com"]
[Date "2018.09.04"]
[Round "2"]
[White "metra93"]
[Black "maziarbagheri"]
[Result "1-0"]
[WhiteElo "2463"]
[BlackElo "2312"]
[TimeControl "180+2"]
[EndTime "13:56:29 PDT"]
[Termination "metra93 won by resignation"]

1. e4 e5 2. Nf3 Nc6 3. Bc4 Nf6 4. d4 exd4 5. e5 d5 6. Bb5 Ne4 7. Nxd4 Bc5 8. O-O O-O 9. Nxc6 bxc6 10. Bxc6 Ba6 11.
Qxd5 Bxf1 12. Qxe4 Ba6 13. Nc3 Rb8 14. Bd5 Rb4 15.
Qf5 Bc8 16. Qf3 Bg4 17. Qg3 Bf5 18. a3 Rb6 19. Bg5 Be7 20. Bxe7 Qxe7 21. b3 Rg6 22. Qe3 Bxc2 23. f4 c6 24. Bc4 Rd8 25. Rf1 Bf5 26. h3 h5 27. Ne4 Bxe4 28. Qxe4 Rd2 29. Qxg6 Qc5+ 30. Kh2 Qxc4 31. bxc4 fxg6 32. Kg3 Rc2 33. Rb1 Rxc4 34. Rb8+ Kf7 35. Rb7+ Ke6 36. Rxg7 h4+ 37. Kg4 Ra4 38. Rxg6+ Kd5 39. Rd6+ Kc5 40. Rd3 a5 41.
Kf5 Rc4 42. e6 Rc2 43. Re3 Kd6 44. e7 1-0

[Event "*** Titled Tuesday Blitz"]
[Site "Chess.com"]
[Date "2018.09.04"]
[Round "2"]
[White "jncool68"]
[Black "Margency"]
[Result "0-1"]
[WhiteElo "2500"]
[BlackElo "2699"]
[TimeControl "180+2"]
[EndTime "13:56:30 PDT"]
[Termination "Margency won by resignation"]

1. e4 e5 2. Nf3 Nc6 3. Bb5 a6 4. Ba4 Nf6 5. O-O Nxe4 6. d4 b5 7. Bb3 d5 8. dxe5 Be6 9. Be3 Be7 10. c3 Nc5 11. Bc2 Nd7 12. Bd4 Na5 13. Re1 c5 14.
Be3 Nc4 15. Bc1 O-O 16. b3 Ncb6 17. Nbd2 a5 18. Nf1 b4 19. cxb4 axb4 20. Ng3 c4 21.
Nd4 Bc5 22. Be3 Rc8 23. f4 Qh4 24. f5 Nxe5 25. fxe6 Ng4 26. Bf4 fxe6 27. Ne2 Rxf4 28. Nxf4 Qf2+ 29. Kh1 Qxf4 30. g3 Qxd4 31. Qxd4 Bxd4 32.
Rac1 e5 33. bxc4 Nxc4 34. Bf5 Nf2+ 35. Kg2 Rc6 36. Rc2 Rf6 37. g4 g6 38. Bc8 Ne3+ 39. Rxe3 Bxe3 40. Rc7 Bb6 41. Rb7 Ne4 42. h4 Rf2+ 43.
Kh3 Rf3+ 44. Kg2 Rg3+ 45. Kf1 Bd4 46. Be6+ Kf8 47. Bxd5 Rg1+ 48. Ke2 Nc3+ 49. Kd3 Nxd5 50. g5 Rg3+ 51. Ke4 Ne7 0-1

[Event "*** Titled Tuesday Blitz"]
[Site "Chess.com"]
[Date "2018.09.04"]
[Round "2"]
[White "Paladin61"]
[Black "GMHess"]
[Result "1-0"]
[WhiteElo "2519"]
[BlackElo "2690"]
[TimeControl "180+2"]
[EndTime "13:56:32 PDT"]
[Termination "Paladin61 won on time"]

1. d4 g6 2. c4 Bg7 3. e4 d6 4. Nc3 e5 5. d5 f5 6. exf5 gxf5 7. Qh5+ Kf8 8. Nh3 Nf6 9. Qd1 h6 10. Be2 Qe8 11. f4 e4 12. O-O a5 13. Be3 Na6 14.
Qd2 Bd7 15. Bd4 Qg6 16. Nd1 b6 17. Ne3 Rg8 18. Kh1 Nc5 19. b3 Re8 20. Rg1 Ng4 21. Rad1 Nd3 22. Bxg7+ Rxg7 23. Rdf1 Kg8 24. Bxg4 fxg4 25.
f5 Qh5 26. Nf4 Nxf4 27. Rxf4 Rg5 28. Rgf1 Rf8 29. g3 Rf7 30. Rxe4 Bxf5 31. Re8+ Kh7 32. Qd4 Rgg7 33. Rf4 Bg6 34. Rc8 Rxf4 35. Qxf4 Rf7 36. Qd4 Rg7 37. Nxg4 Be4+ 38. Qxe4+ 1-0

[Event "*** Titled Tuesday Blitz"]
[Site "Chess.com"]
[Date "2018.09.04"]
[Round "2"]
[White "JonahWillow"]
[Black "TastyFrenchFries"]
[Result "1-0"]
[WhiteElo "2736"]
[BlackElo "2333"]
[TimeControl "180+2"]
[EndTime "13:56:34 PDT"]
[Termination "JonahWillow won by resignation"]

1. e4 e6 2. d3 d6 3. f4 d5 4. Nd2 c5 5. g3 Bd6 6. Bg2 Ne7 7. Ngf3 O-O 8. O-O Nbc6 9. Nh4 Bc7 10. c3 b6 11. e5 a5 12. Ndf3 a4 13. d4 Ba6 14.
Rf2 a3 15. b3 cxd4 16. cxd4 Bb5 17. Qc2 Nb4 18. Qd1 Nd3 19. Rd2 Nxc1 20. Rxc1 Qd7 21.
Qc2 Rfc8 22. Ng5 g6 23. Qd1 Bd8 24. Bf1 Bxf1 25. Qxf1 Rxc1 26. Qxc1 Nc6 27. Ng2 Be7 28. Ne3 Nb4 29. Nf3 Qb5 30. Qc7 Kf8 31. Ng5 Bxg5 32. fxg5 Qc6 33. Qxc6 Nxc6 34. Nc2 b5 35. h4 b4 36. Kf2 Ke7 37. Ke3 Rc8 38. Kd3 Rh8 39. Rf2 h6 40. gxh6 Rxh6 41. Ne3 Rh5 42. Rc2 Kd7 43.
Rf2 Ke7 44. Rc2 Kd7 45. Rh2 Rh8 46. g4 Rh7 47. h5 gxh5 48. gxh5 Rh6 49. Ng4 Rh8 50.
Nf6+ Ke7 51. h6 Nd8 52. h7 Nc6 53. Rg2 1-0

[Event "*** Titled Tuesday Blitz"]
[Site "Chess.com"]
[Date "2018.09.04"]
[Round "2"]
[White "tsakos2731"]
[Black "Evandro_Barbosa"]
[Result "0-1"]
[WhiteElo "2340"]
[BlackElo "2474"]
[TimeControl "180+2"]
[EndTime "13:56:35 PDT"]
[Termination "Evandro_Barbosa won by checkmate"]

1. d4 Nf6 2. c4 c5 3. d5 b5 4. cxb5 a6 5. f3 g6 6. e4 Bg7 7. Na3 O-O 8. Ne2 e6 9. d6 axb5 10. Nxb5 Nc6 11. Nc7 Ra7 12. Nc3 Nh5 13. Be3 Nd4 14.
N7b5 Rb7 15. Nxd4 cxd4 16. Bxd4 Rxb2 17. Bxg7 Kxg7 18. Qd4+ Kg8 19. Nd5 Qa5+ 20. Kd1 exd5 21. Qxb2 dxe4 22. fxe4 Re8 23. Rc1 Qa4+ 24. Qb3 Qxe4 25.
Bd3 Qg4+ 26. Kc2 Qxg2+ 27. Kb1 Bb7 28. Rhe1 Rf8 29. Re7 Bd5 30. Bc4 Nf4 31. Bxd5 Nxd5 32. Rxd7 Qe4+ 33. Kb2 Qe5+ 34. Kb1 Qf5+ 35. Kb2 Qe5+ 36.
Kb1 Qf5+ 37. Kb2 Qxd7 38. Qxd5 Rb8+ 39. Ka1 Qd8 40. Qe5 Qd7 41. Rc7 Qa4 42. Qd5 Qf4 43.
Rc2 Qf6+ 44. Qe5 Qxe5+ 45. Rc3 Qxc3# 0-1

[Event "*** Titled Tuesday Blitz"]
[Site "Chess.com"]
[Date "2018.09.04"]
[Round "2"]
[White "TST2014"]
[Black "GreatDamnedRedSpot"]
[Result "1-0"]
[WhiteElo "2524"]
[BlackElo "2318"]
[TimeControl "180+2"]
[EndTime "13:56:37 PDT"]
[Termination "TST2014 won by checkmate"]

1. d4 c6 2. c4 Na6 3. e4 Nc7 4. f4 d5 5. cxd5 cxd5 6. e5 g6 7. Nc3 h5 8. h4 Nh6 9. Nf3 Bg4 10. Qb3 Bxf3 11. gxf3 b6 12. Nb5 Bg7 13. Nxc7+ Qxc7 14. Bb5+ Kf8 15. Qxd5 Rd8 16. Qe4 e6 17. b3 Nf5 18.
Ba3+ Kg8 19. Rc1 Qb8 20. Rc4 Ng3 21. Qc2 Nxh1 22. Bd6 Qb7 23. Bc6 Qa6 24. Ra4 Qc8 25. Rxa7 Bf8 26. Ra8 Qxa8 27. Bxa8 Rxa8 28. Bxf8 Kxf8 29.
Qg2 Kg7 30. a4 Rhc8 31. Kd2 Ra7 32. Qxh1 Rac7 33. Qa1 Rc2+ 34. Kd3 Rf2 35. Qd1 Rh2 36. b4 Rxh4 37. Qd2 Rh1 38. a5 bxa5 39. bxa5 Ra1 40. Qb4 Ra8 41. Qe7 R1xa5 42. Qf6+ Kg8 43. f5 exf5 44.
Ke3 Re8 45. Kf4 Ra4 46. Kg5 Re6 47. Qd8+ Kg7 48. d5 Rea6 49. e6 fxe6 50. Qf6+ Kg8 51. dxe6 Ra7 52. Kxg6 Ra1 53. Qd8# 1-0

[Event "*** Titled Tuesday Blitz"]
[Site "Chess.com"]
[Date "2018.09.04"]
[Round "2"]
[White "afgano29"]
[Black "lucasmito"]
[Result "1-0"]
[WhiteElo "2692"]
[BlackElo "2348"]
[TimeControl "180+2"]
[EndTime "13:56:38 PDT"]
[Termination "afgano29 won by resignation"]

1. d4 Nf6 2. c4 g6 3. Nc3 d5 4. cxd5 Nxd5 5. e4 Nxc3 6. bxc3 Bg7 7. Nf3 c5 8. Rb1 O-O 9. Be2 cxd4 10. cxd4 Qa5+ 11. Bd2 Qxa2 12. O-O Bg4 13. Bg5 e6 14. Rxb7 Nc6 15. d5 exd5 16. exd5 Bxf3 17. Bxf3 Nd4 18. d6 Qa5 19. Be7 Rfe8 20. Rc7 Rab8 21. Bc6 Rxe7 22. dxe7 Qxc7 23. e8=Q+ Rxe8 24. Bxe8 h5 25. Ba4 Qc4 26.
Re1 Bf6 27. Re4 Qd5 28. Re3 Qc5 29. Rd3 Kg7 30. Bb3 Qb4 31. Bd5 Qc5 32. Ba2 Qb4 33. g3 a5 34. Bb3 Qc5 35. h4 Qb5 36. Ba4 Qb4 37. Kg2 Qb2 38. Bb3 Be5 39. Bd5 Qb6 40.
Qa4 Qc5 41. Ba2 Nc6 42. Qc4 Qxc4 43. Bxc4 Bc7 44. Rd7 Ne5 45. Rxc7 1-0

[Event "*** Titled Tuesday Blitz"]
[Site "Chess.com"]
[Date "2018.09.04"]
[Round "2"]
[White "gmjlh"]
[Black "SaraciNderim"]
[Result "1-0"]
[WhiteElo "2712"]
[BlackElo "2509"]
[TimeControl "180+2"]
[EndTime "13:56:41 PDT"]
[Termination "gmjlh won by resignation"]

1. e4 c5 2. Nf3 d6 3. Bb5+ Bd7 4. Bxd7+ Qxd7 5. O-O g6 6. c3 Bg7 7. d4 cxd4 8. cxd4 Nc6 9. Nc3 Rc8 10. h3 e6 11. Bf4 e5 12. Be3 exd4 13. Nxd4 Nge7 14.
Ndb5 Rd8 15. Nxa7 O-O 16. Nab5 d5 17. exd5 Nxd5 18. Nxd5 Qxd5 19. Qxd5 Rxd5 20. Nc3 Bxc3 21. bxc3 Rfd8 22. c4 Rd3 23. Rfb1 R8d7 24. Rb5 Nd4 25. Rb2 Nf5 26. Bg5 h6 27. Bf6 R3d6 28. Be5 Re6 29. Bb8 Rc6 30. Rab1 Rxc4 31. Rxb7 Rxb7 32. Rxb7 Rc1+ 33.
Kh2 Rc2 34. Be5 f6 35. Rb2 Rc6 36. Rb8+ Kf7 37. Bb2 Rc2 38. Kg1 g5 39. a4 Rc4 40.
Rb6 Nd4 41. a5 Ne6 42. a6 Ra4 43. Rb7+ Kg6 44. a7 Nc5 45. Re7 Nd3 46. Bd4 Ra2 47.
Re8 1-0

[Event "*** Titled Tuesday Blitz"]
[Site "Chess.com"]
[Date "2018.09.04"]
[Round "2"]
[White "johnathan113"]
[Black "Kriari"]
[Result "1-0"]
[WhiteElo "2590"]
[BlackElo "2818"]
[TimeControl "180+2"]
[EndTime "13:56:42 PDT"]
[Termination "johnathan113 won by checkmate"]

1. e4 e5 2. Nf3 Nc6 3. d4 exd4 4. Nxd4 Bb4+ 5. c3 Bc5 6. Nf5 g6 7. Be3 Bxe3 8. Nxe3 Nf6 9. f3 O-O 10. c4 d5 11.
cxd5 Nxe4 12. fxe4 Qh4+ 13. Kd2 Qxe4 14. Bd3 Qb4+ 15.
Nc3 Ne5 16. Qb3 Qh4 17. Raf1 Re8 18. Qa4 Qd8 19. Ne4 Kg7 20. Nf6 Re7 21. Qh4 h6 22. Bc2 a5 23. Kc1 Ra6 24. Nfg4 Nxg4 25. Nxg4 h5 26.
Nf6 Qd6 27. Qg5 Re5 28. Nxh5+ Kg8 29. Nf6+ Kg7 30. Qh4 Bf5 31. Bxf5 gxf5 32. Nh5+ Kf8 33. Nf4 Re4 34. g3 Rb6 35. Qh8+ Ke7 36. Re1 Qc5+ 37. Kb1 Qf2 38. Rxe4+ fxe4 39. Qe5+ Kf8 40. Rc1 f6 41. Ne6+ Kg8 42. Qc3 e3 43. b3 a4 44. Qxc7 axb3 45. Qg7# 1-0

[Event "*** Titled Tuesday Blitz"]
[Site "Chess.com"]
[Date "2018.09.04"]
[Round "2"]
[White "danyuffa"]
[Black "GrigorGrigorov"]
[Result "1-0"]
[WhiteElo "2675"]
[BlackElo "2701"]
[TimeControl "180+2"]
[EndTime "13:56:44 PDT"]
[Termination "danyuffa won by resignation"]

1. c4 Nf6 2. g3 e6 3. Bg2 d5 4.
Nf3 Be7 5. O-O O-O 6. d4 dxc4 7. Qc2 b6 8. Qxc4 Bb7 9. Rd1 Nbd7 10. Nc3 Ne4 11. Bf4 Bd6 12. Ne5 Nxc3 13. Qxc3 Bxg2 14. Kxg2 Qc8 15. Nc6 Qb7 16. Qf3 Kh8 17. Rac1 Rae8 18. Bxd6 cxd6 19. Nb4 d5 20. Qd3 Nb8 21. Qa3 a5 22.
Nd3 Nc6 23. Qa4 Rc8 24. e3 Rc7 25. Rc3 Ne7 26. Rdc1 Rxc3 27. Rxc3 Rc8 28. Ne5 Kg8 29. Rxc8+ Qxc8 30. Qb5 f6 31. Nd7 Qc6 32. Qxc6 Nxc6 33. Nxb6 Kf7 34. Kf1 Ke7 35. Ke2 Kd6 36. a3 e5 37. Kd3 e4+ 38. Kc3 f5 39. h4 g6 40.
Na4 h6 41. Nc5 g5 42. h5 Ne7 43. b4 axb4+ 44. Kxb4 Kc6 45. Ne6 Ng8 46. Ng7 Ne7 47. a4 Kb6 48. a5+ Kc6 49. a6 Kb6 50. a7 Nc6+ 51. Ka4 Kxa7 52. Nxf5 Kb6 53. Nxh6 Ne7 54. Ng4 1-0

[Event "*** Titled Tuesday Blitz"]
[Site "Chess.com"]
[Date "2018.09.04"]
[Round "2"]
[White "GHANDEEVAM2003"]
[Black "jacky72"]
[Result "1-0"]
[WhiteElo "2706"]
[BlackElo "2661"]
[TimeControl "180+2"]
[EndTime "13:56:44 PDT"]
[Termination "GHANDEEVAM2003 won by resignation"]

1. d4 Nf6 2. c4 g6 3. Nc3 Bg7 4. e4 d6 5. Be2 O-O 6. Bg5 Na6 7. f4 c6 8. Bf3 Nc7 9. Nge2 Bg4 10. Bxf6 Bxf3 11.
Bxg7 Bxe2 12. Qxe2 Kxg7 13. O-O Qd7 14. Rad1 Kg8 15. f5 d5 16. cxd5 cxd5 17. e5 gxf5 18.
Qh5 Kh8 19. Rxf5 Qe6 20. Rd3 Qg6 21. Qh3 Rg8 22. Rg3 Qe6 23. Rgf3 Rg7 24. Qh5 Qg6 25.
Qxg6 fxg6 26. Rf7 Rxf7 27. Rxf7 Re8 28. Kf2 Kg8 29. Rf3 Rf8 30. Ke3 Rxf3+ 31. gxf3 Kf7 32. a4 b6 33. Nb5 Nxb5 34. axb5 Ke6 35. Kf4 h6 36. Kg4 Kf7 37. h4 e6 38. f4 Kg7 39.
h5 gxh5+ 40. Kxh5 Kh7 41. Kh4 Kg6 42. Kg4 h5+ 43. Kh4 Kf5 44. Kxh5 Kxf4 45. Kg6 Ke3 46. Kf6 Kxd4 47. Kxe6 Kc4 48. Kd6 d4 49. e6 d3 50.
e7 d2 51. e8=Q d1=Q+ 52. Kc7 Qd5 53. Qc6+ Qc5 54. Kb7 Kb4 55. Kxa7 Qxb5 56. Qc3+ 1-0

[Event "*** Titled Tuesday Blitz"]
[Site "Chess.com"]
[Date "2018.09.04"]
[Round "2"]
[White "chess_rehab"]
[Black "novocane"]
[Result "0-1"]
[WhiteElo "2235"]
[BlackElo "2168"]
[TimeControl "180+2"]
[EndTime "13:56:44 PDT"]
[Termination "novocane won by checkmate"]

1. e4 c5 2. Nf3 Nc6 3. d4 cxd4 4. Nxd4 e5 5. Nb5 d6 6. N1c3 a6 7. Na3 Be7 8. Nc4 b5 9. Ne3 Nf6 10. Ned5 O-O 11. Nxf6+ Bxf6 12. Nd5 Bg5 13. c3 Be6 14.
Bd3 Bxc1 15. Rxc1 Bxd5 16. exd5 Ne7 17. O-O f5 18. a4 Rb8 19. axb5 axb5 20. Qb3 Qb6 21.
Kh1 e4 22. Be2 Kh8 23. Qd1 Ng6 24. f4 Qe3 25. g3 Ne7 26. c4 bxc4 27. Rc3 Qb6 28.
Rxc4 Qxb2 29. Rc7 Nxd5 30. Rc2 Qb7 31. Qd4 Nf6 32. Qxd6 Rfd8 33. Qe5 Ng4 34. Bxg4 fxg4 35. Re2 e3+ 36. Rg2 Rd2 37. Rg1 e2 38. Qe3 Rbd8 39.
f5 Qf3 40. Qxf3 gxf3 41. Rf2 Rd1 42. Rxf3 Rxg1+ 43. Kxg1 e1=Q+ 44. Kg2 Qe2+ 45. Rf2 Qe4+ 46. Kh3 Rf8 47. g4 h5 48. g5 Rxf5 49. Kg3 Qg4# 0-1

[Event "*** Titled Tuesday Blitz"]
[Site "Chess.com"]
[Date "2018.09.04"]
[Round "2"]
[White "Zarikovs1999"]
[Black "Abdodi"]
[Result "1-0"]
[WhiteElo "2182"]
[BlackElo "2246"]
[TimeControl "180+2"]
[EndTime "13:56:45 PDT"]
[Termination "Zarikovs1999 won by resignation"]

1. e4 c6 2. d4 d5 3. Nc3 dxe4 4. Nxe4 Nd7 5. Qe2 e6 6. Bd2 Ngf6 7. Nxf6+ Nxf6 8. Nf3 Be7 9. O-O-O b6 10. h3 Bb7 11.
g4 Qc7 12. Ne5 c5 13. Qb5+ Kf8 14. Bf4 Bd6 15. Rg1 a6 16. Qe2 Nd5 17. Bg3 cxd4 18. Rxd4 Rc8 19. c3 Nxc3 20. Qc4 Bxe5 21. Qxc7 Bxc7 22.
bxc3 Bxg3 23. Rxg3 Ke7 24. Rgd3 Rhd8 25. Kc2 Rxd4 26.
Rxd4 b5 27. a4 Rc5 28. axb5 axb5 29. Kb3 Rd5 30. Rxd5 Bxd5+ 31. Kb4 Bc6 32. Kc5 Bb7 33. Bxb5 Bg2 34. h4 h6 35. Bc6 Bh3 36. Bf3 f6 37.
Kb6 Bf1 38. Kc5 g5 39. hxg5 hxg5 40. c4 f5 41. Kd4 fxg4 42. Bxg4 e5+ 43. Kd5 Kf6 44.
c5 Bb5 45. c6 Ba6 46. c7 Bb7+ 47. Kd6 e4 48. c8=Q Bxc8 49. Bxc8 e3 50. fxe3 1-0

[Event "*** Titled Tuesday Blitz"]
[Site "Chess.com"]
[Date "2018.09.04"]
[Round "2"]
[White "Vamostodorecto"]
[Black "Vegan4future"]
[Result "1-0"]
[WhiteElo "2410"]
[BlackElo "2413"]
[TimeControl "180+2"]
[EndTime "13:56:46 PDT"]
[Termination "Vamostodorecto won by checkmate"]

1. d4 Nf6 2. c4 g6 3. Nc3 Bg7 4. e4 d6 5. Be2 O-O 6. Nf3 e5 7. O-O Nc6 8. d5 Ne7 9. Ne1 Nd7 10. Be3 f5 11. f3 f4 12. Bf2 g5 13. Rc1 h5 14. c5 Nxc5 15. b4 Na6 16. Nb5 b6 17.
Rc4 Rf7 18. Qc2 Ng6 19. Nd3 Bf8 20. Rc1 c5 21. dxc6 Nc7 22. Nxc7 Qxc7 23. b5 Be6 24. Nb4 Ne7 25. Rd1 Rg7 26. Nd5 Nxd5 27. exd5 Bf7 28. a4 g4 29. Bh4 Bg6 30. Qd2 Be7 31. Bxe7 Rxe7 32. fxg4 hxg4 33. Bxg4 Kg7 34. Be6 Rh8 35. Qc3 Kh7 36. a5 bxa5 37. Ra4 Qb6+ 38. Kh1 Kg7 39. Rxa5 Qf2 40. c7 Be4 41. Rg1 Kf6 42. Ra4 Bxg2+ 43.
Rxg2 Qf1+ 44. Rg1 Rxh2+ 45. Kxh2 Rh7+ 46. Bh3 Qe2+ 47. Rg2 Qxb5 48. Rxf4+ Ke7 49. c8=Q exf4 50. Q8c7+ Kf8 51. Qxh7 f3 52. Qch8# 1-0

[Event "*** Titled Tuesday Blitz"]
[Site "Chess.com"]
[Date "2018.09.04"]
[Round "2"]
[White "Hamisandwich"]
[Black "lhavas"]
[Result "1-0"]
[WhiteElo "2487"]
[BlackElo "2314"]
[TimeControl "180+2"]
[EndTime "13:56:47 PDT"]
[Termination "Hamisandwich won by resignation"]

1. Nf3 Nf6 2. g3 g6 3. b3 Bg7 4.
Bb2 O-O 5. Bg2 d6 6. d4 Nbd7 7. O-O c6 8. c4 Qc7 9. Nc3 Re8 10. Rc1 e5 11. Qc2 exd4 12. Nxd4 Nc5 13. Rcd1 a5 14.
h3 Bd7 15. e3 Rad8 16. Rd2 Ne6 17. Nce2 Ng5 18. Nf4 Nge4 19. Rdd1 Qc8 20. Kh2 h5 21. f3 Ng5 22. h4 Ne6 23. Ndxe6 Bxe6 24. Nxe6 Qxe6 25. e4 Nd7 26. Bxg7 Kxg7 27. Rd2 Qf6 28. f4 Nc5 29. Rfd1 Kh7 30. Rd4 Ne6 31. Rxd6 Rxd6 32. Rxd6 Qe7 33. e5 Nxf4 34. gxf4 Qxh4+ 35. Kg1 Qxf4 36. Rf6 Qe3+ 37. Qf2 Qxf2+ 38. Rxf2 Kg7 39. Re2 g5 40. Kf2 Kg6 41. Be4+ Kg7 42. Bf5 a4 43. b4 Rd8 44.
Ke3 Rd1 45. Rd2 Re1+ 46. Kd4 Rf1 47. Bc8 Rf4+ 48. Kc5 g4 49. Bxb7 h4 50. Bxc6 g3 51. Bg2 Rf5 52. Kd6 Rh5 53. Bh3 Rg5 54. c5 Rh5 55. c6 Rh8 56. c7 1-0

[Event "*** Titled Tuesday Blitz"]
[Site "Chess.com"]
[Date "2018.09.04"]
[Round "2"]
[White "GadimbayliA"]
[Black "Nakachuk"]
[Result "1/2-1/2"]
[WhiteElo "2667"]
[BlackElo "2706"]
[TimeControl "180+2"]
[EndTime "13:56:48 PDT"]
[Termination "Game drawn by repetition"]

1. e4 c5 2. Nf3 e6 3. d4 cxd4 4.
Nxd4 Nc6 5. Nc3 Qc7 6. Be3 a6 7. f4 b5 8. Nxc6 Qxc6 9. Bd3 Bb7 10. Qd2 Nf6 11. O-O-O Rc8 12. e5 b4 13. exf6 bxc3 14. Qxc3 Qxc3 15. bxc3 gxf6 16. Bd4 Be7 17. Rhg1 h5 18. Kd2 Rg8 19. g3 a5 20. Rb1 Bc6 21.
Ba6 Ra8 22. Bb7 Bxb7 23. Rxb7 f5 24. Rgb1 Bd6 25. R1b6 Ke7 26. Bf6+ Kxf6 27. Rxd6 h4 28. Rdxd7 Rg7 29. Ke2 hxg3 30. hxg3 Rh8 31. c4 Rh2+ 32.
Kd1 Rhh7 33. c5 Rxg3 34. c6 Rc3 35. c7 Rc6 36. Kc1 Rh2 37. Rd2 Rh1+ 38. Kb2 Rh3 39. a3 Rhc3 40. Rd7 Rxc2+ 41. Kb1 Rc1+ 42. Kb2 R1c2+ 43.
Kb3 R2c3+ 44. Ka4 R3c4+ 45. Kxa5 R4c5+ 46. Ka4 Rc4+ 47. Kb5 R4c5+ 48. Kb4 Rc4+ 49. Ka5 R4c5+ 50. Ka4 Rc4+ 51. Ka5 1/2-1/2

[Event "*** Titled Tuesday Blitz"]
[Site "Chess.com"]
[Date "2018.09.04"]
[Round "2"]
[White "Polish_fighter3000"]
[Black "Fins0905"]
[Result "1-0"]
[WhiteElo "2913"]
[BlackElo "2592"]
[TimeControl "180+2"]
[EndTime "13:56:49 PDT"]
[Termination "Polish_fighter3000 won by resignation"]

1. e4 d5 2. exd5 Qxd5 3. Nc3 Qd8 4. d4 Nf6 5. Bf4 c6 6. Qd2 Bf5 7. O-O-O e6 8. Nf3 Bb4 9. Bd3 Nd5 10. Bxf5 Nxc3 11.
Qe3 Nd5 12. Qe4 Nxf4 13. Qxf4 exf5 14. d5 Bd6 15. Rhe1+ Kf8 16. Qxf5 c5 17. Ng5 Qd7 18. Ne6+ Kg8 19. Re4 Na6 20. Nxg7 Qxf5 21. Nxf5 Rd8 22. Rde1 h5 23. c4 Kh7 24. Nxd6 Rxd6 25. Re7 Kg6 26. Rxb7 Nb4 27. Re3 h4 28. a3 Na6 29. Rxa7 Rb8 30. b3 Rdb6 31. Kb2 R8b7 32. Rxb7 Rxb7 33. Kc3 Nc7 34.
b4 Na6 35. b5 Nb8 36. a4 Ra7 37.
Kb3 Nd7 38. Re7 Kf6 39. d6 Kg6 40. h3 Kf6 41. g3 hxg3 42. fxg3 Kg6 43. a5 f5 44. b6 Rb7 45. Ka4 Nxb6+ 46. axb6 Rxb6 47. d7 Rd6 48. Re6+ Rxe6 49. d8=Q Re4 50. Kb5 1-0

[Event "*** Titled Tuesday Blitz"]
[Site "Chess.com"]
[Date "2018.09.04"]
[Round "2"]
[White "Manukyan_Artak"]
[Black "wannabe2700"]
[Result "1/2-1/2"]
[WhiteElo "2312"]
[BlackElo "2589"]
[TimeControl "180+2"]
[EndTime "13:56:51 PDT"]
[Termination "Game drawn by repetition"]

1. e4 e5 2. Nf3 Nc6 3. d4 exd4 4. Nxd4 Nf6 5. Nxc6 bxc6 6. e5 Qe7 7. Qe2 Nd5 8. c4 Ba6 9. b3 g6 10. Bb2 Bg7 11.
g3 O-O 12. Bg2 Rae8 13. O-O Bxe5 14. Qxe5 Qxe5 15. Bxe5 Rxe5 16. cxd5 Bxf1 17. Kxf1 cxd5 18. Nc3 c6 19. Rc1 Rb8 20. Na4 Rb4 21. Rc5 Rd4 22.
Bf3 Rd2 23. Ra5 h5 24. Rxa7 Rf5 25. Be2 Re5 26. Bf3 Rxa2 27. Rxd7 Ra1+ 28. Kg2 Ree1 29. h4 Rh1 30. Be2 Rag1+ 31. Kf3 Rb1 32. Rb7 Rhc1 33. Bd3 Ra1 34. Nb6 Rc3 35. Ke2 Rxb3 36. Rb8+ Kg7 37.
Nd7 Rc3 38. Rb2 c5 39. Bb5 Ra5 40. Kd2 d4 41. Nb6 Rf3 42. Ke2 Rfa3 43. Bc4 Ra7 44. Nd5 R3a4 45. Nb6 Re7+ 46. Kd2 Ra1 47. Nd5 Ree1 48.
Nf4 Rad1+ 49. Kc2 Rc1+ 50. Kd2 Red1+ 51. Ke2 Rf1 52. Rb7 Rfe1+ 53. Kd2 Red1+ 54. Ke2 Re1+ 55. Kd2 Rcd1+ 56. Kc2 Rc1+ 57. Kd2 Red1+ 58. Ke2 Re1+ 59. Kd2 Red1+ 60. Ke2 Re1+ 61. Kd2 1/2-1/2